 Dungeon Crawl Stone Soup version 0.30-a0-916-g9813417 (webtiles) character file.

Game seed: 12245999205688343946

393 Dorkslayer the Trooper (level 6, -1/39 HPs)
             Began as a Gargoyle Fighter on Apr 11, 2023.
             Slain by a gnoll sergeant
             ... wielding a +0 spear
              (5 damage)
             ... on level 5 of the Dungeon.
             The game lasted 00:08:22 (3256 turns).

Dorkslayer the Trooper (Gargoyle Fighter)           Turns: 3256, Time: 00:08:23

Health: -1/39      AC: 18    Str: 21    XL:     6   Next: 81%
Magic:  6/6        EV:  8    Int:  9    God:
Gold:   181        SH:  5    Dex: 15    Spells: 5/5 levels left

rFire   . . .      SeeInvis .    a - +1 war axe
rCold   + . .      Faith    .    c - +0 buckler
rNeg    + . .      Spirit   .    n - +0 chain mail
rPois   ∞          Reflect  .    x - +0 helmet
rElec   +          Rampage  .    (no cloak)
rCorr   .                        g - +1 pair of gloves
Will    .....                    p - +0 pair of boots Stlth
                                 (no amulet)
HPRegen 0.26/turn                e - +6 ring of dexterity
MPRegen 0.10/turn                q - ring of protection from cold

@: hasted, very quick
A: sickness immunity, AC +4, negative energy resistance 1, electricity
resistance, torment resistance 1, petrification resistance
a: no special abilities


You were on level 5 of the Dungeon.
You visited 2 branches of the dungeon, and saw 6 of its levels.

You collected 181 gold pieces.

Inventory:

Hand Weapons
 a - a +1 war axe (weapon)
Missiles
 t - 4 boomerangs (quivered)
Armour
 c - a +0 buckler (worn)
 g - a +1 pair of gloves (worn)
 n - a +0 chain mail (worn)
 p - a +0 pair of boots (worn)
 x - a +0 helmet (worn)
Jewellery
 e - a +6 ring of dexterity (left hand)
 q - a ring of protection from cold (right hand)
Scrolls
 j - a scroll of poison
 l - 2 scrolls of enchant weapon
 m - a scroll of fear
 o - 2 scrolls of enchant armour
Potions
 d - a potion of might
 f - a potion of degeneration {unknown}
 h - 2 potions of heal wounds {unknown}
 k - a potion of curing
 r - a potion of berserk rage {unknown}
 s - a potion of attraction {unknown}
 u - a potion of brilliance {unknown}
 w - 2 potions of lignification {unknown}


   Skills:
 + Level 4.4 Fighting
 + Level 3.0 Axes
 + Level 4.4 Armour
 * Level 3.0 Dodging
 + Level 4.4 Shields


You had 5 spell levels left.
You didn't know any spells.
Your spell library contained the following spells:

 Spells                   Type           Power      Damage    Failure   Level
 Gell's Gravitas          Tloc           0%         N/A       100%        3
 Hailstorm                Conj/Ice       0%         3d3       100%        3
 Teleport Other           Tloc           0%         N/A       100%        3
 Animate Dead             Necr           0%         N/A       100%        4
 Ice Form                 Ice/Tmut       0%         N/A       100%        4
 Dispersal                Tloc           0%         N/A       100%        6
 Simulacrum               Ice/Necr       0%         N/A       100%        6
 Haunt                    Necr/Summ      0%         N/A       100%        7
 Infestation              Necr           0%         N/A       100%        8


Dungeon Overview and Level Annotations

Branches:
Dungeon (5/15)             Temple (1/1) D:4

Altars:
Ashenzari
Cheibriados
Dithmenos
Elyvilon
Fedhas
Hepliaklqana
Kikubaaqudgha
Makhleb
Nemelex Xobeh
Okawaru
Qazlal
Ru
Sif Muna
Trog
Uskayaw
Vehumet
Xom
Yredelemnul
The Shining One

Shops:
D:1 [


Innate Abilities, Weirdness & Mutations

You are immune to sickness and miasma.
Your stone body is resilient. (AC +4)
You are immune to poison.
You resist negative energy. (rN+)
You are resistant to electric shocks. (rElec)
You are resistant to unholy torment.
You are immune to petrification.


Message History

A gnoll sergeant comes into view. It is wielding a +0 spear.
You closely miss the gnoll.
The gnoll sergeant shouts!
You block the gnoll's attack.
You slash the gnoll!
The gnoll is severely wounded.
The gnoll hits you with a +0 club. x2
You barely miss the gnoll.
The gnoll is severely wounded.
The gnoll hits you but does no damage.
You barely miss the gnoll.
The gnoll is severely wounded.
You block the gnoll's attack. You block the gnoll's attack.
The gnoll barely misses you.
The gnoll sergeant hits you from afar with a +0 spear.
You barely miss the gnoll. You closely miss the gnoll. You hit the gnoll.
The gnoll barely misses you. The gnoll hits you with a +0 halberd.
You block the gnoll sergeant's attack.
The gnoll sergeant hits you but does no damage.
The gnoll hits you with a +0 club. You block the gnoll's attack.
The gnoll barely misses you.
You slash the gnoll!
You kill the gnoll!
You hit the gnoll. You closely miss the gnoll.
The gnoll hits you with a +0 club. The gnoll barely misses you.
The gnoll sergeant closely misses you.
Your Dodging skill increases to level 3!
The gnoll attacks as you move away! The gnoll hits you with a +0 club.
The gnoll sergeant hits you with a +0 spear!
* * * LOW HITPOINT WARNING * * *
You see here a +0 halberd.
The gnoll sergeant attacks as you move away!
The gnoll sergeant barely misses you. The gnoll attacks as you move away!
You block the gnoll's attack. The gnoll attacks as you move away!
The gnoll hits you but does no damage.
The gnoll sergeant hits you from afar with a +0 spear.
* * * LOW HITPOINT WARNING * * *
You feel yourself speed up. The gnoll hits you but does no damage.
The gnoll sergeant hits you from afar with a +0 spear.
You die...

,*,,,,,,,,,,,** ##.#### **,,,
,,,,,,,,,,,,** ##.....#### *,,,,
,,,,,,,,,,,,* ##.........# *,,,,
,*,,,,,,,,,**##..........## *,,,,
*****,,,,,**##............# *,,,,
*8* ***,,*###.............# **,,,
,,* ***##.....g.........## *,,,
*,** **........)>......<.# *,,,
*,,*****,......g@g.........#***,,
**,,**,,,...................# *,,
**,,,,,,...................# **,
**,,,,,...................# *,
**,,**#####.......)......# **
**** ####..........##
############


You could see a gnoll sergeant and 2 gnolls.

Vanquished Creatures
  A phantom (D:4)
  A gnoll bouda (D:4)
  A sleepcap (D:4)
  Jessica (D:3)
  An iguana (D:3)
  9 adders
  4 gnolls
  A dart slug (D:2)
  An orc (D:4)
  6 bats
  5 endoplasms
  7 giant cockroaches
  7 goblins
  5 hobgoblins
  13 jackals
  6 quokkas
  9 ball pythons
  3 frilled lizards
  2 kobolds
  3 rats
86 creatures vanquished.

Notes
Turn   | Place    | Note
-------+----------+-------------------------------------------
     0 | D:1      | Dorkslayer the Gargoyle Fighter began the quest for the
                  | Orb.
     0 | D:1      | Reached XP level 1. HP: 14/14 MP: 1/1
   345 | D:1      | Reached XP level 2. HP: 19/19 MP: 2/2
   354 | D:1      | Found Ruikhe's Armour Shop.
   898 | D:2      | Reached skill level 1 in Dodging
   962 | D:2      | Reached XP level 3. HP: 19/23 MP: 3/3
  1066 | D:2      | Reached XP level 4. HP: 29/29 MP: 4/4
  1591 | D:3      | Reached XP level 5. HP: 33/33 MP: 5/5
  2006 | D:3      | Noticed Jessica
  2013 | D:3      | Killed Jessica
  2252 | D:4      | Noticed a phantom
  2274 | D:4      | Killed a phantom
  2275 | D:4      | Reached XP level 6. HP: 34/38 MP: 6/6
  2415 | D:4      | Found a staircase to the Ecumenical Temple.
  2424 | Temple   | Entered the Ecumenical Temple
  2576 | D:4      | Found a shadowy altar of Dithmenos.
  3230 | D:5      | Entered Level 5 of the Dungeon
  3256 | D:5      | Slain by a gnoll sergeant

Illustrated notes

Levels and vault maps discovered:
D:1:      reono_arrival_mine, layout_loops_corners, serial_shops, shop
D:2:      layout_rooms, minmay_snake_closets
D:3:      minmay_door_path, layout_loops_ring, uniq_jessica
D:4:      layout_cave_pods, mainiacjoe_overflow_concentric_impassable,
          minmay_temple_entry_glassed_door, kennysheep_generic_room_12
D:5:      layout_cave_pods, lightli_ossuary_entry_decrepit_ruins,
          ebering_ghost_gozag
Temple:   dpeg_three_leaves_temple

Skill      XL: |  1  2  3  4  5  6 |
---------------+-------------------+-----
Axes           | 2 3 |  3.0
Dodging        | 1 2 3 |  3.0
Shields        | 4 |  4.4
Fighting       | 4 |  4.4
Armour         | 4 |  4.4

Action                     |  1- 3 |  4- 6 || total
---------------------------+-------+-------++-------
  Melee: War axe           |    92 |   171 ||   263
    Use: Scroll            |       |    11 ||    11
         Potion            |       |     4 ||     4
 Armour: Scale mail        |    27 |       ||    27
         Chain mail        |    27 |   144 ||   171
  Dodge: Dodged            |    54 |   101 ||   155
  Block: Buckler           |    33 |    57 ||    90

Table legend: (Time is in decaauts)
 A = Elapsed time spent in this place.
 B = Non-inter-level travel time spent in this place.
 C = Inter-level travel time spent in this place.
 D = Time resting spent in this place.
 E = Time spent auto-exploring this place.
 F = Levels seen in this place.
 G = Mean time per level.
                   A        B        C        D        E       F      G
               +--------+--------+--------+--------+--------+-----+--------+
         Total |   3346 |   3346 |      0 |      0 |   1600 |   6 |  557.7 |
       Dungeon |   3276 |   3276 |      0 |      0 |   1563 |   5 |  655.2 |
        Temple |     69 |     69 |      0 |      0 |     37 |   1 |   69.0 |
               +--------+--------+--------+--------+--------+-----+--------+

Top non-repeatable levels by time:
     D:4: 959 daAuts
     D:1: 920 daAuts
     D:3: 743 daAuts
     D:2: 622 daAuts
  Temple: 69 daAuts
     D:5: 30 daAuts
